 Dungeon Crawl Stone Soup version 0.27-a0-998-g4cfe56dd59 (webtiles) character file.

Game seed: 16106936687775003230

14 vurker the Magician (level 2, 0/22 HPs)
             Began as a Djinni Air Elementalist on Apr 16, 2021.
             Slain by a quokka (3 damage)
             ... on level 1 of the Dungeon.
             The game lasted 00:01:00 (370 turns).

vurker the Magician (Djinni Air Elementalist)        Turns: 370, Time: 00:01:01

Health: 0/22       AC:  2    Str:  7    XL:     2   Next: 45%
Gold:   0          EV: 12    Int: 16    God:
                   SH:  0    Dex: 13

rFire    + + .     SeeInvis .   (no weapon)
rCold    x . .     Faith    .   (no shield)
rNeg     . . .     Spirit   .   a - +0 robe
rPois    ∞         Reflect  .   (no helmet)
rElec    .         Harm     .   (no cloak)
rCorr    .         Rampage  .   (no gloves)
Will     .....                  (boots unavailable)
Stlth    ++........             (no amulet)
HPRegen  0.07/turn              (no ring)
MPRegen  0.00/turn              (no ring)

@: flying
A: fire resistance 2, cold vulnerability 1, float, innate caster, hp casting,
extra vitality 1
a: no special abilities


You were on level 1 of the Dungeon.
You visited 1 branch of the dungeon, and saw 1 of its levels.

Inventory:

Armour
 a - a +0 robe (worn)
Potions
 b - a potion of heal wounds {unknown}


   Skills:
 + Level 1.0 Fighting
 - Level 2.1 Dodging
 - Level 1.5 Stealth
 * Level 3.1 Spellcasting


You couldn't memorise any spells.
You knew the following spells:

 Your Spells              Type           Power      Damage    Failure   Level
a - Shock                 Conj/Air       48%        1d6       4%          1
b - Lightning Bolt        Conj/Air       6%         1d18      80%         5
c - Airstrike             Air            6%         N/A       45%         4
d - Swiftness             Air            12%        N/A       16%         3
e - Static Discharge      Conj/Air       12%        N/A       8%          2
Your spell library was empty.

Dungeon Overview and Level Annotations

Branches:
Dungeon (1/15)

Altars:


Innate Abilities, Weirdness & Mutations

You are immune to poison.
Your flesh is very heat resistant. (rF++)
You are vulnerable to cold. (rC-)
You float through the air rather than walking.
You learn spells naturally, not from books.
Your magical power is your life essence.
You have superior vitality. (+4 HP)


Message History

Aim: a kobold, wielding a +0 short sword, wearing a +0 leather armour and quivering stones (60% to hit)
You miscast Shock.
You are very lightly contaminated with residual magic.
Nothing appears to happen.
The ball python hisses angrily.
Aim: a kobold, wielding a +0 short sword, wearing a +0 leather armour and quivering stones (60% to hit)
The zap hits the kobold.
A ball python comes into view.
The ball python moves out of view.
Aim: a kobold, wielding a +0 short sword, wearing a +0 leather armour and quivering stones (moderately wounded, 60% to hit)
The zap hits the kobold.
Your magical contamination has completely faded away.
Aim: a kobold, wielding a +0 short sword, wearing a +0 leather armour and quivering stones (heavily wounded, 60% to hit)
The zap hits the ball python.
You kill the ball python!
The zap hits the kobold.
The zap misses the quokka.
Your Fighting skill increases to level 1!
Aim: a kobold, wielding a +0 short sword, wearing a +0 leather armour and quivering stones (severely wounded, 60% to hit)
The zap misses the kobold.
The zap misses the quokka.
The kobold throws a stone.
The stone barely misses you.
Aim: a kobold, wielding a +0 short sword, wearing a +0 leather armour and quivering stones (severely wounded, 60% to hit)
The zap misses the kobold.
The zap hits the hobgoblin.
You kill the hobgoblin!
The quokka misses you.
The kobold throws a stone.
The stone hits you but does no damage.
Aim: a quokka (56% to hit)
The zap hits the quokka.
The quokka bites you.
* * * LOW HITPOINT WARNING * * *
The quokka barely misses you.
Aim: a quokka (lightly wounded, 56% to hit)
You miscast Shock.
You are very lightly contaminated with residual magic.
Nothing appears to happen.
* * * LOW HITPOINT WARNING * * *
The quokka bites you.
* * * LOW HITPOINT WARNING * * *
The kobold throws a stone.
The stone closely misses you. The quokka barely misses you.
Your magical contamination has completely faded away.
The quokka bites you.
* * * LOW HITPOINT WARNING * * *
There is an open door here.
Things that are here:
a rat corpse; a hobgoblin corpse The zap hits the quokka but does no damage.
The zap hits the quokka.
The zap hits the kobold.
You kill the kobold!
* * * LOW HITPOINT WARNING * * *
The quokka bites you.
You die...

♣♣####..##......##.....##..'....
#..##......##.....##..#8.8#
#.....................#####
#.....................#
#+##################..# ♣♣ ♣♣♣
♣♣♣♣♣♣ #..# ###########..#
#.......#.'..# #+
##@#####...#### #.#######.r#
######## #........)## .....
#.........########.....
#.........#............
#.........#............
#.........#............
#.........#.........?..
##.......##............


You could see a quokka.

Vanquished Creatures
  An endoplasm (D:1)
  2 hobgoblins (D:1)
  4 jackals (D:1)
  2 kobolds (D:1)
  A ball python (D:1)
  A bat (D:1)
  3 rats (D:1)
14 creatures vanquished.

Notes
Turn   | Place    | Note
-------+----------+-------------------------------------------
     0 | D:1      | vurker the Djinni Air Elementalist began the quest for the
                  | Orb.
     0 | D:1      | Reached XP level 1. HP: 15/15 MP: 0/0
   205 | D:1      | Reached skill level 3 in Spellcasting
   205 | D:1      | Reached XP level 2. HP: 19/22 MP: 0/0
   354 | D:1      | Reached skill level 1 in Fighting
   370 | D:1      | Slain by a quokka

Illustrated notes

Levels and vault maps discovered:
D:1:      beargit_arrival_diablo_church, layout_basic,
          chequers_ecumenical_altar_island

Skill      XL: |  1  2 |
---------------+-------+-----
Spellcasting   | 3 |  3.1
Fighting       | 1 |  1.0
Dodging        | |  2.1
Stealth        | |  1.5

Action                   || total
-------------------------++-------
 Cast: Shock             ||    22
Armor: Robe              ||     1
Dodge: Dodged            ||     5

Table legend: (Time is in decaauts)
 A = Elapsed time spent in this place.
 B = Non-inter-level travel time spent in this place.
 C = Inter-level travel time spent in this place.
 D = Time resting spent in this place.
 E = Time spent auto-exploring this place.
 F = Levels seen in this place.
 G = Mean time per level.
                   A        B        C        D        E       F      G
               +--------+--------+--------+--------+--------+-----+--------+
         Total |    370 |    370 |      0 |      0 |    306 |   1 |  370.0 |
       Dungeon |    370 |    370 |      0 |      0 |    306 |   1 |  370.0 |
               +--------+--------+--------+--------+--------+-----+--------+

Top non-repeatable levels by time:
     D:1: 370 daAuts
